 Dungeon Crawl Stone Soup version 0.25.1-2-g60ff931df9 (webtiles) character file.

Game seed: 4751326426316760679

513 Descartes the Magician (level 7, -1/46 HPs)
             Began as a Mummy Necromancer on Aug 9, 2020.
             Slain by Duvessa
             ... wielding a cursed -1 short sword
              (6 damage)
             ... on level 4 of the Dungeon.
             The game lasted 00:13:01 (5433 turns).

Descartes the Magician (Mummy Necromancer)          Turns: 5433, Time: 00:13:02

Health: -1/46      AC:  4    Str: 11    XL:     7   Next: 0%
Magic:  1/17       EV: 12    Int: 16    God:
Gold:   166        SH:  0    Dex: 13    Spells: 10/19 levels left

rFire    x . .     SeeInvis .   n - +0 scythe (freeze)
rCold    + . .     Gourm    .   (shield currently unavailable)
rNeg     + + +     Faith    .   o - +2 robe {Archmagi}
rPois    ∞         Spirit   .   (no helmet)
rElec    .         Reflect  .   (no cloak)
rCorr    .         Harm     .   (no gloves)
MR       .....                  (no boots)
Stlth    ++........             (no amulet)
HPRegen  0.15/turn              (no ring)
MPRegen  0.15/turn              (no ring)

@: very slightly contaminated
A: no food or potions, fire vulnerability, cold resistance 1, negative energy
resistance 3, torment resistance, unbreathing
a: no special abilities


You were on level 4 of the Dungeon.
You were not hungry.

You visited 1 branch of the dungeon, and saw 4 of its levels.

You collected 166 gold pieces.

Inventory:

Hand Weapons
 c - a +0 dagger
 n - a +0 scythe of freezing (weapon)
Missiles
 k - 53 arrows
 l - 46 sling bullets
 m - 202 stones (quivered)
 t - 30 bolts
 u - 4 boomerangs
Armour
 o - a +2 robe of the Archmagi (worn)
Jewellery
 a - an uncursed ring of protection from magic
Scrolls
 b - a scroll of magic mapping
 f - a scroll of fear {unknown}
 h - a scroll of enchant armour
 i - a scroll of identify {unknown}
 j - a scroll of teleportation {unknown}
 p - a scroll of remove curse
 q - a scroll of random uselessness {unknown}
 r - 3 scrolls of enchant weapon {unknown}
 s - a scroll of blinking {unknown}


   Skills:
 + Level 0.2 Fighting
 + Level 0.9 Armour
 + Level 1.7 Dodging
 + Level 1.9 Stealth
 + Level 6.8 Spellcasting
 + Level 6.1 Necromancy


You had 10 spell levels left.
You knew the following spells:

 Your Spells              Type           Power        Failure   Level  Hunger
a - Pain                  Necr           ####         1%          1    N/A
b - Agony                 Necr           #####...     28%         5    N/A
c - Vampiric Draining     Necr           #####.....   3%          3    N/A

Your spell library contained the following spells:

 Spells                   Type           Power        Failure   Level  Hunger
 Animate Skeleton         Necr           N/A          1%          1    N/A
 Animate Dead             Necr           N/A          10%         4    N/A

Dungeon Overview and Level Annotations

Branches:
Dungeon (4/15)
 Temple: D:4-7

Altars:
Qazlal
Ru
Sif Muna
Trog

Annotations:
D:2 Grinder
D:4 Dowan, Duvessa


Innate Abilities, Weirdness & Mutations

You do not eat or drink.
Your flesh is vulnerable to fire.
You are immune to poison.
Your flesh is cold resistant. (rC+)
You are immune to negative energy. (rN+++)
You are immune to unholy pain and torment.
You can survive without breathing.


Message History

You barely miss Duvessa.
Duvessa is almost dead.
Duvessa says, "Beauty is only skin deep, and my weapons penetrate much further than that."
Duvessa hits you with a cursed -1 short sword!
Duvessa hits you with a cursed -1 short sword.
* * * LOW HITPOINT WARNING * * *
Duvessa hits you but does no damage.
As you read the scroll labeled EWEQIWKEIG, it crumbles to dust.
It is a scroll of amnesia.
Really abort (and waste the scroll)?
Okay, then.
Duvessa barely misses you.
Dowan casts a spell.
Dowan blinks!
As you read the scroll labeled FUAPNI ROVVANE, it crumbles to dust.
You feel blessed for a moment.
It was a scroll of remove curse.
Duvessa hits you with a cursed -1 short sword.
* * * LOW HITPOINT WARNING * * *
Duvessa hits you with a cursed -1 short sword.
You die...

..........#
....#..#
..........#
.....#.##
.#######......####
.## .########....#
###..[
.##...###..e.#
#....
.......#.....##...#
.......#...#......#
..#>.......#...###
.##............e@#
...............###
..............##
...#.#.........#
[.#####...##..##
..# #..###### ###
####


You could see Duvessa (fast) and Dowan.

Vanquished Creatures
  Sigmund (D:2)
  A big kobold (D:4)
  A howler monkey (D:4)
  2 orc wizards
  An iguana (D:4)
  3 gnolls (D:4)
  An adder (D:2)
  2 dart slugs (D:2)
  4 worms
  3 leopard geckos
  10 orcs
  8 giant cockroaches
  11 goblins
  11 hobgoblins
  3 jackals (D:2)
  10 kobolds
  4 quokkas
  3 ball pythons
  14 bats
  A frilled lizard (D:1)
  A quokka skeleton (D:4)
  8 rats
103 creatures vanquished.

Notes
Turn   | Place    | Note
-------+----------+-------------------------------------------
     0 | D:1      | Descartes the Mummy Necromancer began the quest for the
                  | Orb.
     0 | D:1      | Reached XP level 1. HP: 13/13 MP: 4/4
   182 | D:1      | Reached XP level 2. HP: 16/19 MP: 0/6
  1185 | D:1      | Reached XP level 3. HP: 24/24 MP: 4/8
  2043 | D:2      | Noticed Sigmund
  2070 | D:2      | Reached XP level 4. HP: 12/30 MP: 2/10
  2310 | D:2      | HP: 1/30 [Sigmund/+0 scythe of freezing (6)]
  2311 | D:2      | Killed Sigmund
  2311 | D:2      | Reached skill level 5 in Spellcasting
  2311 | D:2      | Reached skill level 5 in Necromancy
  2311 | D:2      | Reached XP level 5. HP: 1/35 MP: 1/12
  2780 | D:2      | Found a sacrificial altar of Ru.
  2794 | D:2      | Reached XP level 6. HP: 37/41 MP: 5/14
  2802 | D:2      | Learned a level 5 spell: Agony
  2806 | D:2      | Learned a level 3 spell: Vampiric Draining
  3941 | D:3      | Found a shimmering blue altar of Sif Muna.
  3950 | D:3      | Found a bloodstained altar of Trog.
  4267 | D:3      | Noticed Grinder
  5044 | D:4      | Found a stormy altar of Qazlal.
  5213 | D:4      | Noticed Duvessa
  5262 | D:4      | Reached XP level 7. HP: 38/46 MP: 3/17
  5417 | D:4      | Noticed Dowan
  5433 | D:4      | Slain by Duvessa

Illustrated notes

Levels and vault maps discovered:
D:1:      wander_arrival_peaceful_grave, layout_basic, minmay_misc_feat_doors,
          serial_bayou_ford_a, hangedman_decor_riveting,
          minmay_misc_feat_secret_circle
D:2:      layout_loops_ring, nicolae_ru_great_annihilating_truth, serial_forest,
          infiniplex_forest_end_3, infiniplex_forest_clump_double,
          infiniplex_forest_lined_4_way, infiniplex_forest_straight_5,
          infiniplex_forest_zigzag_2, infiniplex_forest_end_1,
          grunt_ministairs_5, hangedman_decor_points,
          wad_floor_pattern_untrapped, nrook_mini_vaults, solitary_fountain,
          minmay_tetromino_t4, uniq_sigmund
D:3:      layout_loops_ring, nicolae_overflow_crystal_walls,
          nicolae_overflow_hidden_temple, wad_orctagon, uniq_grinder
D:4:      layout_cave_pools, zin_statuary, old_standard_altar,
          ebering_ghost_reflecting_pool, first_ration, uniq_duvessa

Skill      XL: |  1  2  3  4  5  6 |
---------------+-------------------+-----
Spellcasting   | 3 4 5 6 |  6.8
Necromancy     | 5 6 |  6.1
Fighting       | |  0.2
Armour         | |  0.9
Dodging        | |  1.7
Stealth        | |  1.9

Action                   |  1- 3 |  4- 6 |  7- 9 || total
-------------------------+-------+-------+-------++-------
Melee: Unarmed           |    10 |       |       ||    10
       Dagger            |    12 |       |       ||    12
       Scythe            |       |     3 |     1 ||     4
 Cast: Pain              |    95 |   132 |    14 ||   241
       Agony             |       |       |     1 ||     1
  Use: Scroll            |       |     2 |     2 ||     4
Armor: Robe              |    12 |     1 |     1 ||    14
       Leather armour    |     6 |     1 |       ||     7
Dodge: Dodged            |    57 |    25 |     7 ||    89
